 Dungeon Crawl Stone Soup version 0.21.1-1-g345015fe64 (webtiles) character file.

1843 Lavandula the Cleaver (level 8, -13/63 HPs)
             Began as a Centaur Berserker on June 14, 2018.
             Was a Priest of Trog.
             Shot with a bolt by an orc warrior (27 damage)
             ... in a bailey on June 15, 2018.
             The game lasted 00:20:29 (3367 turns).

Lavandula the Cleaver (Centaur Berserker)           Turns: 3367, Time: 00:20:29

Health: -13/63     AC:  3    Str: 21      XL:     8   Next: 88%
Magic:  8/8        EV: 10    Int:  6      God:    Trog [***...]
Gold:   224        SH:  0    Dex:  7 (10) Spells: 7/7 levels left

rFire    . . .     SeeInvis +   F - +0 shortbow
rCold    . . .     Gourm    .   (shield currently unavailable)
rNeg     . . .     Faith    .   f - -1 robe (curse)
rPois    .         Spirit   .   (no helmet)
rElec    .         Reflect  .   (no cloak)
rCorr    .         Harm     +   (no gloves)
MR       .....                  (no barding)
Stlth    +.........             e - amulet of harm
HPRegen  0.20/turn              x - ring of see invisible
MPRegen  0.11/turn              (no ring)

@: very quick
A: large, hooves 3, deformed body, speed 2, tough skin 3
a: Berserk, Trog's Hand, Burn Spellbooks, Renounce Religion


You were in a bailey.
You worshipped Trog.
Trog was most pleased with you.
You were not hungry.

You visited 2 branches of the dungeon, and saw 10 of its levels.
You also visited: Bailey.

You collected 462 gold pieces.
You spent 238 gold pieces at shops.

Inventory:

Hand Weapons
 a - a +0 hand axe
 u - a +2 whip of electrocution
 y - a +1 hand axe of venom
 A - a +1 hand axe of electrocution
 F - a +0 shortbow (weapon)
 I - the +3 halberd of Pestilence {elec, +Blink rC++ MR- Str+2 Stlth-, unknown}
   (You found it on level 9 of the Dungeon)

   Occasionally, upon striking a foe, it will discharge some electrical energy
   and cause terrible harm.
   It affects your strength (+2).
   It greatly protects you from cold.
   It affects your resistance to hostile enchantments.
   It lets you blink.
   It makes you less stealthy.
Missiles
 z - 4 javelins
 B - 76 arrows (quivered)
Armour
 b - a +0 animal skin
 d - a +0 scale mail
 f - a cursed -1 robe (worn)
 i - a +0 ring mail
 l - a +0 plate armour
 C - the +2 robe of Josuh {rC+ MP+9 Str+6, unknown}
   (You found it on level 7 of the Dungeon)

   It affects your strength (+6).
   It protects you from cold.
   It affects your magic capacity (+9).
 H - a cursed +0 chain mail
Jewellery
 e - an amulet of harm (around neck)
 x - a ring of see invisible (left hand)
Wands
 p - a wand of enslavement (1)
 w - a wand of random effects (18)
Scrolls
 g - a scroll of enchant armour
 m - a scroll of random uselessness {unknown}
 o - a scroll of fog
 q - a scroll of amnesia
 t - a scroll of immolation {unknown}
 v - 2 scrolls of teleportation
 D - a scroll of blinking {unknown}
Potions
 h - a potion of berserk rage
 j - 6 potions of curing
 k - 2 potions of heal wounds {unknown}
 n - a potion of brilliance {unknown}
 r - a potion of flight {unknown}
 s - a potion of ambrosia {unknown}
 E - 2 potions of lignification
Comestibles
 c - 10 rations
 G - 4 chunks of flesh


   Skills:
 - Level 3.0 Fighting
 - Level 10.2 Axes
 + Level 0.2 Bows
 - Level 1.3 Armour
 - Level 3.2 Dodging


You had 7 spell levels left.
You didn't know any spells.

Dungeon Overview and Level Annotations

Branches:
Dungeon (9/15)             Temple (1/1) D:7
   Lair: D:8-11         Orc: D:9-12

Altars:
Cheibriados
Dithmenos
Elyvilon
Gozag
Hepliaklqana
Makhleb
Nemelex Xobeh
Ru
Sif Muna
Uskayaw
Vehumet
Wu Jian
Xom
Yredelemnul
Zin
The Shining One

Shops:
D:4 }*(

Annotations:
D:9 Erica


Innate Abilities, Weirdness & Mutations

You have hooves in place of feet.
Armour fits poorly on your strangely shaped body.
You cover ground very quickly.
You have extremely tough skin. (AC +3)


Message History

Aim: an orc warrior, wielding an arbalest and wearing a scale mail (severely wounded)
You shoot an arrow. The arrow hits the orc warrior.
The orc warrior is severely wounded.
Firing (i - inventory. (,) - cycle):
B - 78 arrows (quivered)
Press: ? - help, Shift-Dir - straight line, f/p - orc warrior
Aim: an orc warrior, wielding an arbalest and wearing a scale mail (severely wounded)
You shoot an arrow.
The arrow closely misses the orc warrior.
The orc warrior appears out of thin air!
An orc warrior comes into view. It is wielding an arbalest.
The orc warrior shoots a bolt.
The bolt misses you.
Firing (i - inventory. (,) - cycle):
B - 77 arrows (quivered)
Press: ? - help, Shift-Dir - straight line, f/p - orc warrior
Aim: an orc warrior, wielding an arbalest and wearing a scale mail (severely wounded)
You shoot an arrow.
The arrow closely misses the orc warrior.
The orc warrior shoots a bolt.
The bolt hits you!!
* * * LOW HITPOINT WARNING * * *
The orc warrior shoots a bolt.
The bolt hits you!!
You die...

#########################
.........................
.........................
.........................
................@........
.................(.......
....)....................
..≈≈≈≈≈.................≈
.≈≈#)#≈≈...........o...≈≈
.≈##.##≈...............≈#
.≈..^..≈...............≈o
.≈##.∩#≈...............≈#
.≈ #.#≈≈......###....(.≈≈


You could see an orc warrior.

Vanquished Creatures
  Menkaure (D:7)
  Edmund (D:5)
  3 ice beasts
  A centaur (D:9)
  4 bullfrogs
  2 scorpions
  2 wights (D:6)
  A howler monkey (D:4)
  2 crimson imps
  A centaur zombie (D:6)
  A quasit (D:9)
  2 hounds
  2 orc priests
  2 jellies
  3 orc wizards
  A bullfrog skeleton (D:5)
  Ijyb (D:3)
  4 worker ants
  Natasha (D:3)
  A killer bee zombie (D:6)
  A worker ant zombie (D:7)
  4 adders
  2 shadow imps (D:6)
  2 adder skeletons
  5 worms
  A dart slug (D:6)
  3 leopard geckos
  21 orcs
  10 bats
  A giant cockroach (D:8)
  4 goblins
  3 hobgoblins
  9 jackals
  3 quokkas
  3 frilled lizards
  3 kobolds
  A leopard gecko zombie (D:5)
  7 rats
119 creatures vanquished.

Notes
Turn   | Place    | Note
-------+----------+-------------------------------------------
     0 | D:1      | Lavandula the Centaur Berserker began the quest for the Orb.
     0 | D:1      | Reached XP level 1. HP: 19/19 MP: 1/1
     6 | D:1      | Noticed a killer bee
     6 | D:1      | Noticed an anaconda
     6 | D:1      | Noticed a lindwurm
     6 | D:1      | Noticed a hog
     6 | D:1      | Noticed a polar bear
    91 | D:2      | Reached skill level 3 in Axes
   110 | D:2      | Reached XP level 2. HP: 26/26 MP: 2/2
   221 | D:3      | Reached skill level 4 in Axes
   221 | D:3      | Reached XP level 3. HP: 23/31 MP: 3/3
   233 | D:2      | Reached ** piety under Trog
   468 | D:1      | Reached XP level 4. HP: 21/38 MP: 4/4
   597 | D:3      | Noticed Natasha
   607 | D:3      | Killed Natasha
   620 | D:3      | Noticed Ijyb
   667 | D:3      | Killed Ijyb
   667 | D:3      | Reached skill level 5 in Axes
   740 | D:4      | Found Yffewnih's Assorted Antiques.
   745 | D:4      | Reached XP level 5. HP: 19/45 MP: 5/5
   770 | D:4      | Bought a silvery potion for 30 gold pieces
   770 | D:4      | Bought a scroll labeled SONOIL ICAMO for 34 gold pieces
   776 | D:4      | Found Baphi's Gadget Boutique.
   937 | D:4      | Reached skill level 6 in Axes
   945 | D:5      | Entered Level 5 of the Dungeon
  1098 | D:4      | Found Vodisyck's Weapon Shoppe.
  1116 | D:4      | Reached XP level 6. HP: 36/51 MP: 6/6
  1158 | D:5      | Found a sacrificial altar of Ru.
  1198 | D:5      | Found a glowing golden altar of the Shining One.
  1293 | D:5      | Noticed Edmund
  1300 | D:5      | Reached *** piety under Trog
  1407 | D:5      | Reached skill level 7 in Axes
  1421 | D:5      | Reached XP level 7. HP: 40/57 MP: 7/7
  1559 | D:5      | Killed Edmund
  1559 | D:5      | Reached skill level 8 in Axes
  1605 | D:4      | Bought a +1 hand axe of electrocution for 174 gold pieces
  1741 | D:6      | Found an ornate altar of the Wu Jian Council.
  1910 | D:6      | Found a burning altar of Makhleb.
  1911 | D:6      | Found a shimmering altar of Xom.
  2004 | D:6      | Found a snail-covered altar of Cheibriados.
  2207 | D:7      | Reached skill level 9 in Axes
  2207 | D:7      | Reached XP level 8. HP: 57/63 MP: 8/8
  2218 | D:7      | Noticed Menkaure
  2356 | D:7      | Found a sparkling altar of Nemelex Xobeh.
  2446 | D:7      | Found a staircase to the Ecumenical Temple.
  2452 | Temple   | Entered the Ecumenical Temple
  2590 | D:7      | Got a brightly glowing robe
  2754 | D:7      | Reached skill level 10 in Axes
  2811 | D:7      | Killed Menkaure
  2932 | D:9      | Found a flagged portal.
  2941 | D:9      | Found a deep blue altar of Sif Muna.
  3050 | D:8      | Noticed a two-headed ogre
  3176 | D:9      | Got an ichor-stained halberd
  3179 | D:9      | Noticed Erica
  3182 | Bailey   | Entered a bailey
  3367 | Bailey   | Shot with a bolt by an orc warrior

Skill      XL: |  1  2  3  4  5  6  7  8 |
---------------+-------------------------+-----
Axes           | 3 4 5 6 7 9 10 | 10.2
Dodging        | 3 |  3.2
Fighting       | |  3.0
Bows           | |  0.2
Armour         | |  1.3

Action                   |  1- 3 |  4- 6 |  7- 9 || total
-------------------------+-------+-------+-------++-------
Melee: Hand axe          |    48 |    49 |   112 ||   209
       Kick              |     8 |    16 |    34 ||    58
       Whip              |       |    50 |       ||    50
 Fire: Shortbow          |       |       |    20 ||    20
Throw: Javelin           |       |       |     2 ||     2
Invok: Berserk           |     3 |     6 |    10 ||    19
       Trog's Hand       |       |       |     6 ||     6
Evoke: Wand              |       |       |     1 ||     1
  Use: Scroll            |     5 |     2 |     3 ||    10
       Potion            |       |     1 |     1 ||     2
  Eat: Chunk             |       |     8 |    14 ||    22
       Ration            |       |       |     1 ||     1
Armor: Animal skin       |     7 |       |       ||     7
       Robe              |    19 |    26 |    20 ||    65
       Skin              |       |       |     9 ||     9
Dodge: Dodged            |    24 |    49 |    41 ||   114
